 Dungeon Crawl Stone Soup version 0.22.0-75-g3901e79 (webtiles) character file.

231 sbiou the Slasher (level 6, -2/49 HPs)
             Began as a Barachi Fighter on Sept 12, 2018.
             Slain by an ogre
             ... wielding a +0 giant club
              (12 damage)
             ... on level 4 of the Dungeon.
             The game lasted 00:04:41 (2348 turns).

sbiou the Slasher (Barachi Fighter)                 Turns: 2348, Time: 00:04:42

Health: -2/49      AC:  8    Str: 19      XL:     6   Next: 4%
Magic:  6/6        EV:  8    Int:  9      God:
Gold:   134        SH:  9    Dex: 10 (13) Spells: 5/5 levels left

rFire    . . .     SeeInvis .   a - +0 long sword
rCold    . . .     Gourm    .   c - +0 shield
rNeg     . . .     Faith    .   b - +0 scale mail
rPois    .         Spirit   .   (no helmet)
rElec    .         Reflect  .   (no cloak)
rCorr    .         Harm     .   h - +0 pair of gloves
MR       .....                  (no boots)
Stlth    +.........             (no amulet)
HPRegen  0.16/turn              p - +2 ring of dexterity
MPRegen  0.10/turn              r - ring of stealth

@: lethally poisoned (-2 -> -14), slow
A: +LOS, swims, slowness 1, strong legs 1
a: Hop


You were on level 4 of the Dungeon.
You were not hungry.

You visited 1 branch of the dungeon, and saw 4 of its levels.

You collected 134 gold pieces.

Inventory:

Hand Weapons
 a - a +0 long sword (weapon)
Missiles
 i - 62 stones (quivered)
Armour
 b - a +0 scale mail (worn)
 c - a +0 shield (worn)
 e - a +0 large shield
 h - a +0 pair of gloves (worn)
Jewellery
 p - a +2 ring of dexterity (left hand)
 r - a ring of stealth (right hand)
Scrolls
 d - a scroll of enchant armour {unknown}
 j - 5 scrolls of identify {unknown}
 k - 2 scrolls of enchant weapon {unknown}
 l - a scroll of noise {unknown}
 m - a scroll of teleportation {unknown}
Potions
 g - a potion of might
 n - a potion of magic {unknown}
 o - 2 potions of ambrosia {unknown}
 q - a potion of haste {unknown}
Comestibles
 f - 3 rations


   Skills:
 + Level 4.4 Fighting
 + Level 4.8 Long Blades
 + Level 0.9 Throwing
 + Level 4.7 Armour
 + Level 1.5 Dodging
 + Level 4.1 Shields


You had 5 spell levels left.
You didn't know any spells.
Your spell library was empty.

Dungeon Overview and Level Annotations

Branches:
Dungeon (4/15)
 Temple: D:4-7

Altars:
Zin


Innate Abilities, Weirdness & Mutations

Shadows flee at your approach. (+LOS)
You can swim through water.
You cover ground slowly.
You can hop short distances.


Message History

You slash the ogre!
The ogre is heavily wounded.
You feel sick. The ogre closely misses you.
You riposte.
You hit the ogre.
The ogre is severely wounded.
The worker ant barely misses you.
You are too injured to fight recklessly!
You are too injured to fight recklessly!
You are too injured to fight recklessly!
You feel sick.
The worker ant waves its antennae.
The worker ant bites you.
You feel sick. You block the ogre's attack.
You feel sick. The worker ant bites you.
* * * LOW HITPOINT WARNING * * *
You are lethally poisoned!
The worker ant poisons you!
* * * LOW HITPOINT WARNING * * *
You feel sick. You block the worker ant's attack.
The ogre hits you with a giant club!
You die...

####### #####
##.....#.....#
##@O........$..
#..a..[........
#..............
#..............
#..............
#..............
##.............
##.....#.....#
#############


You could see an ogre and a worker ant.

Vanquished Creatures
  A scorpion (D:2)
  A quasit (D:3)
  Natasha (D:2)
  A gnoll (D:2)
  4 adders (D:2)
  3 worms (D:2)
  A dart slug (D:1)
  4 leopard geckos
  2 giant cockroaches (D:2)
  6 goblins
  3 hobgoblins
  9 jackals
  6 kobolds
  2 quokkas (D:2)
  3 ball pythons
  6 bats
  6 frilled lizards
  6 rats
65 creatures vanquished.

Notes
Turn   | Place    | Note
-------+----------+-------------------------------------------
     0 | D:1      | sbiou the Barachi Fighter began the quest for the Orb.
     0 | D:1      | Reached XP level 1. HP: 18/18 MP: 1/1
   151 | D:1      | Reached XP level 2. HP: 23/25 MP: 2/2
   351 | D:1      | Reached XP level 3. HP: 21/30 MP: 3/3
   702 | D:2      | Noticed Natasha
   709 | D:2      | Killed Natasha
   750 | D:2      | Reached skill level 1 in Dodging
   782 | D:2      | Reached XP level 4. HP: 37/37 MP: 4/4
  1313 | D:2      | Reached XP level 5. HP: 38/43 MP: 5/5
  1817 | D:3      | Reached XP level 6. HP: 34/49 MP: 6/6
  1929 | D:3      | Found a glowing silver altar of Zin.
  2348 | D:4      | Slain by an ogre

Skill      XL: |  1  2  3  4  5 |
---------------+----------------+-----
Fighting       | 4 |  4.4
Long Blades    | 3 4 |  4.8
Armour         | 4 |  4.7
Dodging        | 1 |  1.5
Shields        | 4 |  4.1
Throwing       | |  0.9

Action                   |  1- 3 |  4- 6 || total
-------------------------+-------+-------++-------
Melee: Long sword        |    60 |   193 ||   253
Throw: Stone             |    19 |     6 ||    25
  Use: Potion            |     1 |       ||     1
  Eat: Chunk             |       |     6 ||     6
Armor: Scale mail        |    50 |   129 ||   179
Dodge: Dodged            |    38 |   100 ||   138
Block: Shield            |    38 |   120 ||   158
       Rpst.: Long sword |    10 |    23 ||    33
